Map: Ephemeron LE

Players

Clem - Winner!

  • Race: Terran Terran
  • Spawn Location: 11:00

Marsman

  • Race: Protoss Protoss
  • Spawn Location: 5:00

Event: IEM Katowice 2020

VOD

Have the link to the VOD?

Description

Time

  • Played on: Feb. 25, 2020, 4:23 a.m.
  • Length: 9:42

All games in this series

Show
View Real Time Build Order
Export as new Build Order

Clem Terran - Winner!

Build Orders: Reaper Expand 

Get SALT Encoding   

  12  0:00  SCV  
  13  0:12  SCV  
  14  0:17  Supply Depot  
  14  0:25  SCV  
  15  0:38  SCV  
  15  0:40  Barracks  
  16  0:43  Refinery  
  16  0:50  SCV  
  17  1:03  SCV  
  18  1:15  SCV  
  19  1:28  Reaper, Orbital Command  
  20  1:42  Command Center  
  20  1:53  Supply Depot  
  20  1:55  SCV  
  20  2:00  Marine  
  22  2:07  SCV  
  23  2:11  Factory  
  23  2:17  Bunker  
  23  2:21  SCV  
  24  2:24  Barracks Reactor  
  24  2:31  Refinery  
  24  2:33  SCV  
  25  2:45  SCV  
  26  2:55  Orbital Command  
  26  2:56  Hellion  
  26  2:58  SCV  
  29  3:02  Starport  
  29  3:05  Marine  
  30  3:07  Marine  
  30  3:10  SCV  
  32  3:22  SCV x2, Widow Mine  
  35  3:28  Supply Depot  
  35  3:30  Marine x2  
  37  3:34  SCV x2  
  37  3:38  Medivac  
  41  3:44  Widow Mine  
  41  3:46  SCV  
  41  3:47  SCV  
  45  3:51  Marine, Supply Depot  
  45  3:52  Marine  
  47  3:58  SCV  
  47  3:59  SCV  
  49  4:06  Barracks, Factory Tech Lab  
  49  4:09  Starport Tech Lab  
  49  4:10  SCV  
  49  4:11  SCV  
  49  4:12  Marine x2  
  53  4:18  Barracks  
  53  4:23  SCV  
  54  4:27  SCV  
  54  4:30  Marine, Siege Tank  
  57  4:33  Viking  
  57  4:38  SCV  
  58  4:45  Supply Depot, Engineering Bay  
  56  4:47  Marine x2  
  56  4:49  SCV  
  59  4:54  Refinery  
  59  4:56  Marine  
  59  4:58  SCV  
  61  5:02  SCV  
  62  5:10  Supply Depot  
  62  5:11  SCV  
  62  5:12  Siege Tank  
  66  5:14  Stimpack  
  66  5:15  Terran Infantry Weapons Level 1  
  66  5:20  SCV, Marine x2  
  69  5:22  Marine  
  69  5:27  Missile Turret  
  70  5:31  Supply Depot  
  70  5:32  Marine, SCV x2  
  73  5:36  Refinery  
  73  5:38  Marine x2  
  75  5:43  Starport Reactor  
  75  5:44  SCV  
  75  5:45  SCV  
  75  5:49  Combat Shield  
  76  5:50  Supply Depot  
  76  5:51  Factory Reactor, Marauder  
  76  5:54  Marauder  
  80  5:58  Marine x2  
  80  6:02  Supply Depot  
  82  6:05  Supply Depot  
  82  6:13  Marauder  
  82  6:15  Marauder  
  82  6:16  Marine x2  
  88  6:22  Medivac  
  89  6:25  Medivac, Command Center  
  93  6:33  SCV, Widow Mine x2  
  93  6:37  Marauder  
  93  6:38  SCV  
  95  6:43  Marine x2  
  95  6:46  SCV  
  97  6:49  Supply Depot  
  97  6:52  SCV  
  59  6:54  Medivac  
  98  6:56  Medivac  
  98  6:58  Marauder  
  104  7:02  Supply Depot  
  104  7:04  SCV x2  
  104  7:06  Factory Tech Lab  
  106  7:08  Supply Depot  
  106  7:09  Concussive Shells  
  106  7:12  Marine x2  
  108  7:17  Marauder  
  110  7:25  Barracks  
  110  7:28  SCV  
  110  7:29  Barracks  
  111  7:34  Marine x2  
  113  7:38  Marauder  
  113  7:42  Orbital Command  
  115  7:44  SCV  
  115  7:46  Marauder  
  117  7:54  Siege Tank  
  119  7:59  Marine x2, Marauder  
  119  8:00  SCV  
  117  8:07  Starport  
  113  8:16  Viking x2  
  113  8:17  Barracks Reactor, Barracks Tech Lab  
  113  8:18  SCV  
  118  8:23  Marine  
  118  8:24  Marine  
  118  8:25  Marauder  
  116  8:27  SCV  
  116  8:29  SCV  
  116  8:33  Orbital Command  
  101  8:38  Marauder x2  
  101  8:40  Siege Tank  
  101  8:45  Marine x2  
  103  8:49  Viking  
  105  9:02  Marine x2  
  106  9:03  Marauder  
  106  9:04  Marauder  
  106  9:07  Marine x2  
  106  9:08  Medivac x2  
  106  9:22  Armory, Engineering Bay  
  106  9:26  SCV x3  
Show
View Real Time Build Order
Export as new Build Order

Marsman Protoss 

Build Orders: 1 Gate Expand, Colossus Rush 

Get SALT Encoding   

  12  0:00  Probe  
  13  0:12  Probe  
  14  0:18  Pylon  
  14  0:24  Probe  
  15  0:36  Gateway  
  15  0:37  Probe (Chrono Boost)  
  16  0:44  Assimilator  
  17  0:50  Probe (Chrono Boost)  
  17  0:56  Probe (Chrono Boost)  
  18  1:04  Probe  
  19  1:16  Probe  
  20  1:25  Cybernetics Core  
  20  1:34  Nexus  
  20  1:43  Assimilator  
  20  1:46  Pylon  
  20  1:49  Probe  
  21  1:58  Adept (Chrono Boost)  
  23  2:02  Warp Gate  
  23  2:04  Probe  
  24  2:16  Probe  
  25  2:25  Robotics Facility  
  25  2:32  Probe  
  26  2:37  Stalker  
  26  2:44  Probe  
  29  2:49  Probe  
  30  2:56  Probe  
  31  2:58  Gateway  
  31  3:00  Gateway  
  31  3:06  Probe  
  31  3:08  Probe  
  33  3:15  Warp Prism (Chrono Boost)  
  35  3:24  Probe (Chrono Boost)  
  37  3:28  Probe (Chrono Boost)  
  38  3:34  Probe (Chrono Boost)  
  38  3:39  Probe (Chrono Boost)  
  37  3:41  Pylon  
  37  3:43  Gateway  
  37  3:45  Probe  
  38  3:50  Observer  
  38  3:53  Stalker  
  38  3:55  Probe  
  42  3:57  Probe  
  42  3:58  Stalker  
  45  4:09  Probe  
  46  4:11  Probe  
  46  4:12  Observer  
  46  4:14  Pylon  
  48  4:18  Stalker x2  
  52  4:28  Probe  
  49  4:37  Warp Prism  
  50  4:40  Probe  
  50  4:42  Robotics Bay  
  50  4:44  Probe  
  49  4:48  Assimilator  
  49  4:52  Probe, Assimilator  
  50  4:53  Twilight Council  
  50  4:56  Probe  
  51  5:02  Forge  
  51  5:04  Probe  
  52  5:09  Probe  
  52  5:13  Observer  
  54  5:15  Adept x3  
  54  5:16  Probe  
  54  5:21  Probe  
  62  5:23  Pylon  
  62  5:29  Pylon, Blink (Chrono Boost)  
  62  5:30  Extended Thermal Lance  
  62  5:35  Protoss Ground Armor Level 1  
  62  5:41  Probe  
  64  5:42  Probe  
  64  5:53  Probe  
  65  5:59  Colossus (Chrono Boost)  
  71  6:04  Pylon  
  71  6:06  Probe x2  
  73  6:14  Nexus  
  73  6:24  Stalker x2  
  77  6:25  Stalker  
  77  6:30  Observer  
  77  6:43  Observer  
  77  6:44  Sentry  
  77  6:46  Colossus (Chrono Boost)  
  79  6:49  Gateway  
  79  6:50  Gateway  
  79  6:52  Gateway  
  85  6:58  Pylon  
  85  7:15  Observer  
  85  7:17  Sentry x2, Stalker  
  85  7:18  Stalker  
  92  7:30  Gateway  
  92  7:32  Charge  
  92  7:34  Pylon  
  92  7:36  Pylon  
  92  7:42  Zealot x4  
  98  7:51  Zealot x2  
  98  7:52  Zealot  
  104  8:05  Zealot x2, Stalker  
  96  8:06  Zealot  
  92  8:14  Probe x2  
  92  8:15  Colossus (Chrono Boost)  
  92  8:16  Zealot x2  
  92  8:17  Zealot  
  80  8:37  Probe x2  
  80  8:38  Probe  
  80  8:40  Stalker  
  80  8:41  Stalker x4  
  90  8:49  Probe x2  
  90  8:50  Probe  
  81  8:59  Zealot  
  81  9:01  Probe  
  76  9:20  Nexus  
  76  9:23  Probe  

Tags
 
Add a new tag
Caveats
  • Supply blocks, unpowered buildings, or Contaminate may cause inaccurate times.
  • Supply counts are checked every 10 seconds.